 Dungeon Crawl Stone Soup version 0.21-a0-552-g593960d (webtiles) character file.

8 slep the Ducker (level 2, -3/22 HPs)
             Began as a Demonspawn Gladiator on Dec 17, 2017.
             Killed from afar by a dart slug (4 damage)
             ... with a slug dart
             ... on level 1 of the Dungeon.
             The game lasted 00:00:56 (77 turns).

slep the Ducker (Demonspawn Gladiator)                Turns: 77, Time: 00:00:58

Health: -3/22      AC:  3    Str: 14    XL:     2   Next: 0%
Magic:  0/2        EV: 13    Int:  9    God:
Gold:   14         SH:  0    Dex: 14    Spells: 1/1 levels left

rFire    . . .     SeeInvis .   a - +0 war axe
rCold    . . .     Gourm    .   (no shield)
rNeg     . . .     Faith    .   b - +0 leather armour
rPois    .         Spirit   +   (helmet restricted)
rElec    .         Reflect  .   (no cloak)
rCorr    .         Harm     .   (no gloves)
MR       .....                  (no boots)
Stlth    +.........             e - amulet of guardian spirit
HPRegen  0.07/turn              (no ring)
MPRegen  0.08/turn              (no ring)

@: no status effects
A: antennae 1
a: no special abilities


You were on level 1 of the Dungeon.
You were not hungry.

You visited 1 branch of the dungeon, and saw 1 of its levels.

You collected 14 gold pieces.

Inventory:

Hand Weapons
 a - a +0 war axe (weapon)
Missiles
 d - 3 throwing nets (quivered)
Armour
 b - a +0 leather armour (worn)
 c - a +0 helmet
Jewellery
 e - an amulet of guardian spirit (around neck)
Scrolls
 g - a scroll of remove curse {unknown}
 h - a scroll of amnesia {unknown}
Comestibles
 f - a bread ration


   Skills:
 + Level 2.2 Fighting
 + Level 2.7 Axes
 + Level 1.8 Throwing
 + Level 3.0 Dodging


You had one spell level left.
You didn't know any spells.

Dungeon Overview and Level Annotations

Branches:
Dungeon (1/15)

Altars:


Innate Abilities, Weirdness & Mutations

You have a pair of small antennae on your head.


Message History

You hit the hobgoblin but do no damage.
The hobgoblin is lightly wounded.
The hobgoblin barely misses you. The hobgoblin closely misses you.
You hit the hobgoblin but do no damage.
The hobgoblin is lightly wounded.
The hobgoblin closely misses you. The dart slug launches a dart at you.
The slug dart misses you.
You hit the hobgoblin.
The hobgoblin is severely wounded.
The hobgoblin hits you.
* * * LOW HITPOINT WARNING * * *
You closely miss the hobgoblin.
The hobgoblin is severely wounded.
You hit the dart slug. The hobgoblin hits you.
* * * LOW HITPOINT WARNING * * *
The hobgoblin barely misses you. The dart slug launches a dart at you.
The slug dart hits you!
You die...

♣..PP..P .....(.#
♣...P..P ......#
♣P...PP. ......#
.♣PP.<.P. ..$..#
.♣..P...P ....#
..♣..PP... #
#....##..♣PP..P..
....####w# .....♣PP..PP.
.......@.# #.##.♣♣♣♣♣♣♣♣
#...#.g#.###..#.........
# .....#................
#....##..####.####.#...
#.... #..# #.####....#
##..##...# #.##....###
#.. #...# #..#..### #
### ....# #.....#
#.............#


You could see a dart slug and a hobgoblin.

Vanquished Creatures
  3 hobgoblins (D:1)
  2 frilled lizards (D:1)
  3 kobolds (D:1)
  A rat (D:1)
9 creatures vanquished.

Notes
Turn   | Place    | Note
-------+----------+-------------------------------------------
     0 | D:1      | slep the Demonspawn Gladiator began the quest for the Orb.
     0 | D:1      | Reached XP level 1. HP: 16/16 MP: 1/1
    71 | D:1      | Reached skill level 3 in Dodging
    71 | D:1      | Gained mutation: You have a pair of small antennae on your head. [demonic ancestry]
    71 | D:1      | Reached XP level 2. HP: 6/22 MP: 0/2
    77 | D:1      | HP: 1/22 [hobgoblin (5)]
    77 | D:1      | Killed from afar by a dart slug

Vault maps used:
D:1:      scummos_arrival_checkerplants, minmay_misc_feat_x

Skill      XL: |  1 |
---------------+----+-----
Dodging        | 3 |  3.0
Fighting       | |  2.2
Axes           | |  2.7
Throwing       | |  1.8

Action                   || total
-------------------------++-------
Melee: War axe           ||    35
Armor: Leather armour    ||     8
Dodge: Dodged            ||    28

Table legend:
 A = Spawn XP
 B = Non-spawn XP
 C = Spawn XP percentage of total XP
 D = Spawn monster count
 E = Non-spawn monster count
 F = Spawn count percentage of total count
 G = Total turns spent on level
                    A         B        C        D         E        F      G
               +---------+---------+-------+---------+---------+-------+---------
         Total |       0 |      12 |   0.0 |       0 |       9 |   0.0 |    77
               +---------+---------+-------+---------+---------+-------+---------
           D:1 |       0 |      12 |   0.0 |       0 |       9 |   0.0 |    77
               +---------+---------+-------+---------+---------+-------+---------
